 Dungeon Sprint DCSS version 0.24-a0-581-gc0fa660 (webtiles) character file.

Game seed: 4192235979881756738

2727 Faca the Fighter (level 9, -1/88 HPs)
             Began as a Formicid Fighter on Aug 22, 2019.
             Slain by a naga
             ... wielding a +2 trident of freezing
              (7 damage)
             ... in the Dungeon (Sprint V: "Ziggurat Sprint").
             The game lasted 00:03:59 (477 turns).

Faca the Fighter (Formicid Fighter)                  Turns: 477, Time: 00:04:00

Health: -1/88      AC: 18    Str: 36    XL:     9   Next: 99%
Magic:  9/9        EV:  0    Int:  8    God:
Gold:   0          SH: 30    Dex: 10    Spells: 8/8 levels left

rFire    + + .     SeeInvis +   G - +7 great mace "Firestarter" {inner flame, rF++}
rCold    . . .     Gourm    .   I - +18 shield of the Gong {rElec rN+ MR+ EV-5}
rNeg     + . .     Faith    .   K - +5 storm dragon scales
rPois    .         Spirit   .   (helmet unavailable)
rElec    +         Reflect  .   (no cloak)
rCorr    .         Harm     .   (no gloves)
MR       +....                  (no boots)
Stlth    ..........             (no amulet)
HPRegen  0.24/turn              B - +6 ring of strength
MPRegen  0.11/turn              C - +6 ring of strength

@: lethally poisoned (-1 -> -89), constricted
A: permanent stasis, dig shafts and tunnels, four strong arms, antennae 3
a: Dig


You were in the Dungeon.
You were not hungry.

You visited 1 branch

Inventory:

Hand Weapons
 a - the +8 morningstar of Deahi {flame, Int+6}
   (You took it off an orc wizard in the Dungeon)

   It has been specially enchanted to burn those struck by it, causing extra
   injury to most foes and up to half again as much damage against particularly
   susceptible opponents.
   It affects your intelligence (+6).
 o - a +5 broad axe
 G - the +7 great mace "Firestarter" (weapon) {inner flame, rF++}
   (You found it in the Dungeon)

   It has been specially enchanted to burn those struck by it, causing extra
   injury to most foes and up to half again as much damage against particularly
   susceptible opponents.
   It greatly protects you from fire.
Armour
 H - the +15 Maxwell's patent armour {-Cast -Tele rElec MR+ rCorr}
   (You found it in the Dungeon)

   It insulates you from electricity.
   It affects your resistance to hostile enchantments.
   It prevents spellcasting.
   It prevents most forms of teleportation.
   It provides partial protection from all sources of acid and corrosion.
 I - the +18 shield of the Gong (worn) {rElec rN+ MR+ EV-5}
   (You found it in the Dungeon)

   It affects your evasion (-5).
   It insulates you from electricity.
   It protects you from negative energy.
   It affects your resistance to hostile enchantments.
 J - +5 gold dragon scales
 K - +5 storm dragon scales (worn)
Jewellery
 c - the ring "Jore" {AC+3 Int+2}
   (You found it in the Dungeon)

   [ring of protection]

   It affects your AC (+3).
   It affects your intelligence (+2).
 w - an uncursed ring of flight
 x - a +6 ring of dexterity
 y - a +6 ring of dexterity
 z - a +6 ring of intelligence
 A - a +6 ring of intelligence
 B - a +6 ring of strength (left hand)
 C - a +6 ring of strength (right hand)
 L - an uncursed ring of protection from cold
Wands
 D - a wand of disintegration (7)
 E - a wand of iceblast (7)
 F - a wand of acid (7)
Scrolls
 k - 4 scrolls of blinking
 q - 4 scrolls of amnesia
 r - 7 scrolls of fog
 s - a scroll of holy word
 t - 5 scrolls of identify
 u - 5 scrolls of remove curse
 v - 2 scrolls of fear
Potions
 d - 7 potions of might
 e - 10 potions of curing
 g - a potion of heal wounds
 h - 6 potions of haste
 i - 7 potions of magic
 j - 3 potions of berserk rage
 l - 2 potions of brilliance
 m - 2 potions of invisibility
 n - 4 potions of resistance
 p - 5 potions of agility
Comestibles
 b - 3 chunks of flesh
 f - 7 rations


   Skills:
 - Level 14.8 Fighting
 + Level 14.5 Maces & Flails
 + Level 7.1 Armour
 + Level 7.8 Shields


You had 8 spell levels left.
You didn't know any spells.
Your spell library contained the following spells:

 Spells                   Type           Power        Failure   Level  Hunger
 Ensorcelled Hibernation  Hex/Ice        #.....       96%         2    ###....
 Shroud of Golubria       Chrm/Tloc      #.....       96%         2    ###....
 Gell's Gravitas          Tloc           #.........   99%         3    ####...
 Lesser Beckoning         Tloc           #.........   99%         3    ####...
 Ozocubu's Armour         Chrm/Ice       #.......     99%         3    ####...
 Regeneration             Chrm/Necr      #.........   99%         3    ####...
 Teleport Other           Tloc           #.......     99%         3    ####...
 Passage of Golubria      Tloc           N/A          100%        4    #####..
 Dispel Undead            Necr           #.......     100%        5    ######.
 Ozocubu's Refrigeration  Ice            #.........   100%        6    #######
 Blink                    Tloc           Unusable     N/A         2    N/A

Dungeon Overview and Level Annotations

Branches:
Dungeon (1/1)

Altars:
Ashenzari
Cheibriados
Dithmenos
Elyvilon
Fedhas
Gozag
Hepliaklqana
Kikubaaqudgha
Makhleb
Nemelex Xobeh
Okawaru
Qazlal
Ru
Sif Muna
Trog
Uskayaw
Vehumet
Wu Jian
Xom
Yredelemnul
Zin
The Shining One
Beogh
Jiyva
Lugonu

Annotations:
D 1 transporter


Innate Abilities, Weirdness & Mutations

You cannot be hasted, slowed, berserked, paralysed or teleported.
You can dig through walls and to a lower floor.
Your four strong arms can wield two-handed weapons with a shield.
You have a pair of large antennae on your head. (SInv)


Message History

GONNNNG!
The black mamba bites you.
* * * LOW HITPOINT WARNING * * *
You are more poisoned.
The black mamba poisons you! You block the black mamba's attack.
GONNNNG!
You block the naga mage's attack.
GONNNNG!
The naga mage grabs you.
* * * LOW HITPOINT WARNING * * *
The naga mage constricts you. The black mamba bites you.
* * * LOW HITPOINT WARNING * * *
You are more poisoned.
The black mamba poisons you!
The naga mage hits you from afar with a +0 spear!
* * * LOW HITPOINT WARNING * * *
The black mamba bites you.
* * * LOW HITPOINT WARNING * * *
The naga hits you from afar with a +2 trident of freezing!
You die...

{
▓...©....▓...©....▓
▓▓▓▓▓▓▓▓▓▓▓▓▓▓▓▓▓▓▓
▓...8©8...▓..8©8..▓
▓..|))|...▓...))..▓
▓...))=...▓..|))..▓
▓.........▓.......▓
▓...NN....▓.......▓
▓..NSS....▓.......▓
▓...@S....▓.......▓
▓.▓.....▓.▓.▓...▓.▓
▓....©....▓...©...▓
▓▓▓▓▓▓▓▓▓▓▓▓▓▓▓▓▓▓▓
▓..8©8..▓


{{{{{ ▓....)..▓ {{{ ▓..)}[..▓ ▓.......▓ ▓.......▓ You could see 3 black mambas,
2 naga magi and a naga.

Vanquished Creatures
  A purple draconian (D)
  2 draconians (D)
  A slime creature (D)
  A spriggan (D)
  2 water moccasins (D)
  A hell hound (D)
  A black bear (D)
  2 wolves (D)
  4 jellies (D)
  2 orc priests (D)
  An orc wizard (D)
  2 adders (D)
  An ooze (D)
  2 adder skeletons (D)
  An orc (D)
  2 ball pythons (D)
  2 bat zombies (D)
  A jackal zombie (D)
  A leopard gecko zombie (D)
  A quokka zombie (D)
31 creatures vanquished.

Vanquished Creatures (others)
  A spatial maelstrom (D)
1 creature vanquished.

Grand Total: 32 creatures vanquished

Notes
Turn   | Place    | Note
-------+----------+-------------------------------------------
     0 | D        | Faca the Formicid Fighter began the quest for the Orb.
     0 | D        | Reached XP level 1. HP: 18/18 MP: 1/1
     0 | D        | Found a shimmering blue altar of Sif Muna.
     0 | D        | Found a sacrificial altar of Ru.
     0 | D        | Found a bloodstained altar of Trog.
     0 | D        | Found a stormy altar of Qazlal.
     0 | D        | Found an iron altar of Okawaru.
     0 | D        | Found a sparkling altar of Nemelex Xobeh.
     0 | D        | Found a blossoming altar of Fedhas.
     1 | D        | Found the +6 Majin-Bo {vamp, Archmagi MP+6 Int+6}
     1 | D        | Found the +7 great mace "Firestarter" {inner flame, rF++}
     2 | D        | Reached skill level 5 in Maces & Flails
     2 | D        | Reached XP level 2. HP: 29/29 MP: 2/2
     4 | D        | Found a viscous altar of Jiyva.
     4 | D        | Found a transporter.
     4 | D        | Found a hazy altar of Hepliaklqana.
     4 | D        | Found an ancient bone altar of Kikubaaqudgha.
     4 | D        | Found an opulent altar of Gozag.
     4 | D        | Found a corrupted altar of Lugonu.
     8 | D        | Found a burning altar of Makhleb.
     8 | D        | Banished a spatial maelstrom
    29 | D        | Found the +6 shillelagh "Devastator" {shatter}
    29 | D        | Found the +11 plutonium sword {*Contam Stlth-}
    29 | D        | Found the +8 lance "Wyrmbane" {slay drac, rPois rF+ rC+
                  | AC+3}
    29 | D        | Found the +9 sword of Zonguldrok {reap}
    29 | D        | Found the cursed +13 scythe of Curses {drain, *Curse}
    29 | D        | Found the +0 sword of Power
    29 | D        | Found the +7 mace of Variability {chain chaos}
    29 | D        | Found the +7 Singing Sword {slice, sonic wave}
    29 | D        | Found the +8 storm bow {elec, penet}
    31 | D        | Found the +9 heavy crossbow "Sniper" {velocity, Acc+∞ SInv}
    31 | D        | Found the +10 dark maul {crush}
    31 | D        | Found the +15 Maxwell's patent armour {-Cast -Tele rElec
                  | MR+ rCorr}
    31 | D        | Found the +18 shield of the Gong {rElec rN+ MR+ EV-5}
    31 | D        | Found the cursed +14 obsidian axe {chop, +Fly SInv *Curse}
    75 | D        | Entered arena 2.
    75 | D        | Noticed a hell hound
    75 | D        | Found a transporter.
    81 | D        | Killed a hell hound
    81 | D        | Reached XP level 3. HP: 35/38 MP: 3/3
    81 | D        | Reached XP level 4. HP: 42/45 MP: 4/4
    81 | D        | Reached XP level 5. HP: 48/51 MP: 5/5
    85 | D        | Got the Compendium of Ice and Evil Rituals
    98 | D        | Entered arena 3.
    98 | D        | Noticed a purple draconian
    98 | D        | Noticed a draconian
    98 | D        | Noticed a draconian
    98 | D        | Found a transporter.
   105 | D        | HP: 1/51 [purple draconian/bolt of dispelling energy (3)]
   128 | D        | Killed a purple draconian
   128 | D        | Reached XP level 6. HP: 32/66 MP: 6/6
   128 | D        | Reached XP level 7. HP: 35/72 MP: 7/7
   128 | D        | Reached XP level 8. HP: 39/79 MP: 8/8
   132 | D        | Killed a draconian
   139 | D        | Killed a draconian
   139 | D        | Reached XP level 9. HP: 36/88 MP: 9/9
   357 | D        | Got the ring "Jore" {AC+3 Int+2}
   364 | D        | Entered arena 4.
   364 | D        | Found a transporter.
   367 | D        | Reached skill level 5 in Armour
   367 | D        | Reached skill level 5 in Shields
   399 | D        | Entered arena 5.
   399 | D        | Found a transporter.
   400 | D        | Identified the +8 morningstar of Deahi {flame, Int+6}
   414 | D        | Entered arena 6.
   414 | D        | Found a transporter.
   427 | D        | Entered arena 7.
   428 | D        | Found a transporter.
   451 | D        | Entered arena 8.
   451 | D        | Noticed a slime creature
   452 | D        | Found a transporter.
   459 | D        | Killed a slime creature
   469 | D        | Entered arena 9.
   469 | D        | Noticed a black mamba
   469 | D        | Noticed a naga mage
   469 | D        | Noticed a black mamba
   469 | D        | Noticed a black mamba
   469 | D        | Noticed a naga mage
   470 | D        | Found a transporter.
   477 | D        | Slain by a naga

Levels and vault maps discovered:
D:        sprint_v [room_start, room_1, room_2, room_3, room_4, room_5, room_6,
          room_7, room_8, room_9, room_10, room_11, room_12, room_13, room_14,
          room_15, room_16, room_17, room_18, room_19, room_20, room_21,
          room_22, room_23, room_24, room_25, room_26, room_27]

Skill      XL: |  1  2  3  4  5  6  7  8  9 |
---------------+----------------------------+-----
Fighting       | 6 8 13 14 | 14.8
Maces & Flails | 5 7 12 13 14 | 14.5
Shields        | 7 |  7.8
Armour         | 7 |  7.1

Action                   |  1- 3 |  4- 6 |  7- 9 || total
-------------------------+-------+-------+-------++-------
Melee: Broad axe         |     6 |    19 |    11 ||    36
       Great mace        |       |       |    36 ||    36
  Use: Potion            |     1 |     9 |       ||    10
Armor: Storm dragon scal |     3 |    16 |    16 ||    35
Dodge: Dodged            |       |     2 |     7 ||     9
Block: Shield            |     7 |    59 |    87 ||   153

Table legend:
 A = Non-vault XP
 B = Vault XP
 C = Vault XP percentage of total XP
 D = Non-vault monster count
 E = Vault monster count
 F = Vault count percentage of total count
                 A         B        C        D         E       F
            +---------+---------+-------+---------+---------+-------
      Total |       0 |    3887 | 100.0 |       0 |      31 | 100.0
            +---------+---------+-------+---------+---------+-------
          D |       0 |    3887 | 100.0 |       0 |      31 | 100.0
            +---------+---------+-------+---------+---------+-------
